 Dungeon Crawl Stone Soup version 0.21-a0-538-gd16b88a (webtiles) character file.

227 Lavandula the Cutter (level 5, -1/41 HPs)
             Began as a Mummy Chaos Knight on Dec 16, 2017.
             Slain by an iguana (11 damage)
             ... on level 4 of the Dungeon.
             The game lasted 00:06:04 (3044 turns).

Lavandula the Cutter (Mummy Chaos Knight)           Turns: 3044, Time: 00:06:04

Health: -1/41      AC:  5    Str: 15    XL:     5   Next: 70%
Magic:  5/5        EV: 11    Int: 11    God:    Xom [....*.]
Gold:   191        SH:  0    Dex: 13    Spells: 4/4 levels left

rFire    x x .     SeeInvis .   d - +2 short sword (flame)
rCold    + + .     Gourm    .   (no shield)
rNeg     + + +     Faith    +   h - +0 troll leather armour {Purgy}
rPois    ∞         Spirit   .   (no helmet)
rElec    .         Reflect  .   (no cloak)
rCorr    .         Harm     .   n - +0 pair of gloves (curse)
MR       .....                  (no boots)
Stlth    +.........             l - amulet of faith
HPRegen  0.53/turn              f - ring of ice
MPRegen  0.09/turn              s - ring of wizardry

@: no status effects
A: no food or potions, fire vulnerability, cold resistance 1, negative energy
resistance 3, torment resistance, unbreathing
a: Renounce Religion


You were on level 4 of the Dungeon.
You worshipped Xom.
You were a beloved toy of Xom.
You were not hungry.

You visited 1 branch of the dungeon, and saw 4 of its levels.
You also visited: Sewer.

You collected 191 gold pieces.

Inventory:

Hand Weapons
 a - a +0 short sword of chaos
 c - a +0 spear of piercing
 d - a +2 short sword of flaming (weapon)
Armour
 b - a +2 leather armour
 h - a +0 troll leather armour (worn) {Purgy}
 j - a +0 ring mail
 k - a +1 ring mail of positive energy
 n - a cursed +0 pair of gloves (worn)
 o - a +0 scale mail
Jewellery
 f - a ring of ice (left hand)
 l - an amulet of faith (around neck)
 q - an uncursed ring of ice
 s - a ring of wizardry (right hand)
Wands
 m - a wand of acid (6)
 r - a wand of disintegration (13)
Scrolls
 e - 2 scrolls of immolation
 g - 2 scrolls of blinking
 i - 3 scrolls of remove curse
 p - 4 scrolls of fear


   Skills:
 - Level 3.0 Fighting
 + Level 4.4 Short Blades
 - Level 2.7 Polearms
 - Level 1.5 Armour
 - Level 0.7 Dodging


You had 4 spell levels left.
You didn't know any spells.

Dungeon Overview and Level Annotations

Branches:
Dungeon (4/15)
 Temple: D:4-7

Altars:
Okawaru
Qazlal


Innate Abilities, Weirdness & Mutations

You do not eat or drink.
Your flesh is vulnerable to fire.
You are immune to poison.
Your flesh is cold resistant. (rC+)
You are immune to negative energy. (rN+++)
You are immune to unholy pain and torment.
You can survive without breathing.


Message History

The iguana bites you but does no damage.
You hit the iguana. You burn the iguana.
The iguana is almost dead.
The iguana bites you but does no damage.
You completely miss the iguana.
The iguana is almost dead.
You closely miss the iguana.
The iguana is almost dead.
The iguana bites you!
You are too injured to fight recklessly!
You are too injured to fight recklessly!
You hit the iguana but do no damage.
The iguana is almost dead.
The iguana bites you.
* * * LOW HITPOINT WARNING * * *
You closely miss the iguana.
The iguana is almost dead.
The iguana bites you!
You die... "It's all fun and games until someone loses an eye."

##.####...##
#.####.(## ..##.
#.......# ##....
#######.# #....
##'## #...# ##...##
##...# ##...>.##
....#####
#.......##
#l.......
#.......).###@...##
+.........'.......#
#.........###....##
##.......## #.....#
##.....## #####.#
##...## .# ##+# #


You could see an iguana.

Vanquished Creatures
  Purgy (Sewer)
  2 gnolls
  4 adders
  A river rat (D:3)
  An ooze (D:1)
  2 worms
  3 dart slugs
  A leopard gecko (D:3)
  8 bats
  2 giant cockroaches
  4 goblins
  5 hobgoblins
  6 kobolds
  A quokka (D:3)
  6 ball pythons
  7 frilled lizards
  8 rats
62 creatures vanquished.

Notes
Turn   | Place    | Note
-------+----------+-------------------------------------------
     0 | D:1      | Lavandula the Mummy Chaos Knight began the quest for the Orb.
     0 | D:1      | Reached XP level 1. HP: 18/18 MP: 1/1
   246 | D:1      | Reached XP level 2. HP: 24/24 MP: 2/2
   697 | D:1      | Reached skill level 1 in Polearms
   830 | D:1      | XOM: smoke on damage
   951 | D:1      | XOM: confusion
  1057 | D:2      | Reached XP level 3. HP: 24/29 MP: 3/3
  1171 | D:2      | XOM: 4-stop teleportation journey
  1323 | D:2      | XOM: harmless Pois miscast
  1545 | D:2      | XOM: harmless Conj miscast
  1720 | D:2      | XOM: harmless Air miscast
  1776 | D:2      | Found an iron altar of Okawaru.
  1963 | D:2      | Reached XP level 4. HP: 20/35 MP: 4/4
  2071 | D:3      | Reached skill level 3 in Short Blades
  2093 | D:3      | Found a stormy altar of Qazlal.
  2133 | D:3      | XOM: summons 2 hostile demons
  2134 | D:3      | XOM: 5-stop teleportation journey
  2191 | D:3      | XOM: confusion
  2205 | D:3      | Found a glowing drain.
  2303 | Sewer    | Entered a sewer
  2374 | Sewer    | Noticed Purgy
  2380 | Sewer    | XOM: potion effect (brilliance)
  2385 | Sewer    | Killed Purgy
  2385 | Sewer    | Reached skill level 4 in Short Blades
  2385 | Sewer    | Reached XP level 5. HP: 19/41 MP: 5/5
  2429 | Sewer    | XOM: 1-stop teleportation journey
  2768 | D:3      | XOM: mild Chrm miscast
  2822 | D:3      | XOM: noise
  2828 | D:3      | XOM: god gift: short fluorescent wand {god gift}
  2892 | D:3      | XOM: god gift: 9 royal jellies
  3044 | D:4      | Slain by an iguana

Vault maps used:
D:1:      dpeg_arrival_brainrot
D:2:      marbit_many_paths
D:3:      nicolae_qazlal_eye_of_the_storm, first_bread, portal_sewer_entry_b
D:4:      led_sif_pool
Sewer:    sewer_co_purgy_island

Skill      XL: |  1  2  3  4 |
---------------+-------------+-----
Polearms       | 1 2 |  2.7
Short Blades   | 4 |  4.4
Fighting       | |  3.0
Armour         | |  1.5
Dodging        | |  0.7

Action                   |  1- 3 |  4- 6 || total
-------------------------+-------+-------++-------
Melee: Short sword       |    14 |    72 ||    86
       Spear             |   153 |    12 ||   165
Evoke: Wand              |       |     2 ||     2
  Use: Scroll            |     4 |     1 ||     5
Armor: Leather armour    |    31 |    24 ||    55
       Ring mail         |    19 |       ||    19
       Troll leather arm |       |     8 ||     8
Dodge: Dodged            |    86 |    44 ||   130

Table legend:
 A = Spawn XP
 B = Non-spawn XP
 C = Spawn XP percentage of total XP
 D = Spawn monster count
 E = Non-spawn monster count
 F = Spawn count percentage of total count
 G = Total turns spent on level
                    A         B        C        D         E        F      G
               +---------+---------+-------+---------+---------+-------+---------
         Total |       0 |     325 |   0.0 |       0 |      62 |   0.0 |  3044
               +---------+---------+-------+---------+---------+-------+---------
           D:1 |       0 |      35 |   0.0 |       0 |      16 |   0.0 |  1047
           D:2 |       0 |      68 |   0.0 |       0 |      17 |   0.0 |   937
           D:3 |       0 |      71 |   0.0 |       0 |      21 |   0.0 |   715
           D:4 |       0 |      13 |   0.0 |       0 |       1 |   0.0 |   130
         Sewer |       0 |     138 |   0.0 |       0 |       7 |   0.0 |   215
               +---------+---------+-------+---------+---------+-------+---------
